 Dungeon Crawl Stone Soup version 0.30.1-11-g7821555f0a (webtiles) character file.

Game seed: 8773397472466160048

469 Martska the Ducker (level 7, -10/54 HPs)
             Began as a Human Gladiator on Dec 1, 2023.
             Was an Initiate of Wu Jian.
             Mangled by a minotaur (11 damage)
             ... created by the fury of Okawaru
             ... on level 5 of the Dungeon.
             The game lasted 00:12:34 (4052 turns).

Martska the Ducker (Human Gladiator)                Turns: 4052, Time: 00:12:35

Health: -10/54     AC: 16    Str: 14    XL:     7   Next: 30%
Magic:  0/17       EV: 11    Int:  9    God:    Wu Jian [......]
Gold:   219        SH:  0    Dex: 16    Spells: 2/7 levels left

rFire   . . .        u - +3 dagger (freeze)
rCold   . . .        (no shield)
rNeg    . . .        n - +4 scale mail
rPois   .            c - +0 helmet
rElec   .            (no cloak)
rCorr   .            (no gloves)
SInv    .            (no boots)
Will    .....        k - amulet of guardian spirit Stlth
                     q - ring of magical power
HPRegen 0.29/turn    z - +4 ring of protection
MPRegen 0.15/turn

%: guardian spirit
@: lethally poisoned (-10 -> -19), invisible
A: evolution 1
a: Renounce Religion


You were on level 5 of the Dungeon.
You worshipped Wu Jian.
Wu Jian was noncommittal.
You visited 2 branches of the dungeon, and saw 6 of its levels.

You collected 219 gold pieces.

Inventory:

Hand Weapons
 a - a +0 long sword
 u - a +3 dagger of freezing (weapon)
 w - a +1 antimagic short sword
Missiles
 d - 3 throwing nets (quivered)
 e - a javelin
Armour
 b - a +0 leather armour
 c - a +0 helmet (worn)
 n - a +4 scale mail (worn)
Jewellery
 k - an amulet of guardian spirit (around neck)
 q - a ring of magical power (left hand)
 z - a +4 ring of protection (right hand)
 A - a ring of fire
Wands
 t - a wand of flame (7)
Scrolls
 f - a scroll of fog
 g - 4 scrolls of identify {unknown}
 i - 3 scrolls of vulnerability {unknown}
 l - 2 scrolls of enchant armour {unknown}
 m - 4 scrolls of teleportation {unknown}
 o - a scroll of fear {unknown}
 p - 4 scrolls of blinking {unknown}
 y - a scroll of immolation {unknown}
Potions
 j - a potion of berserk rage {unknown}
 r - a potion of invisibility
 s - a potion of curing {unknown}
 v - a potion of lignification {unknown}
 x - a potion of heal wounds {unknown}


   Skills:
 * Level 4.3 Fighting
 - Level 3.0 Long Blades
 - Level 2.0 Throwing
 - Level 3.8 Armour
 * Level 4.6 Dodging
 * Level 1.2 Stealth
 * Level 0.9 Unarmed Combat
 * Level 0.8 Spellcasting
 * Level 0.3 Transmutations


You had 2 spell levels left.
You knew the following spells:

 Your Spells              Type           Power      Damage    Failure   Level
a - Blade Hands           Tmut           0%         N/A       100%        5

Your spell library contained the following spells:

 Spells                   Type           Power      Damage    Failure   Level
 Portal Projectile        Hex/Tloc       0%         N/A       99%         3
 Tukima's Dance           Hex            0%         N/A       99%         3


Dungeon Overview and Level Annotations

Branches:
Dungeon (5/15)             Temple (1/1) D:4

Altars:
Cheibriados
Elyvilon
Gozag
Hepliaklqana
Kikubaaqudgha
Nemelex Xobeh
Okawaru
Qazlal
Ru
Sif Muna
Trog
Uskayaw
Vehumet
Wu Jian
Yredelemnul
The Shining One


Innate Abilities, Weirdness & Mutations

You have hidden genetic potential.


Message History

You hit the orc warrior but do no damage.
The orc attacks as you move away! The orc closely misses you.
The orc warrior hits you with a +0 war axe of venom.
You are poisoned.
The orc attacks as you move away! The orc misses you.
You feel sick.
The orc warrior hits you but does no damage.
You are more poisoned.
The orc hits you but does no damage. The orc attacks as you move away!
The orc hits you but does no damage.
You feel very sick.
You hit the orc. You freeze the orc.
The orc is almost dead.
You feel sick.
You bump into the rock wall.
You feel less confused.
You feel sick. The minotaur hits you! The minotaur closely misses you.
The orc barely misses you.
You closely miss the orc.
The orc is almost dead.
You feel sick. The minotaur hits you!
* * * LOW HITPOINT WARNING * * *
The minotaur gores you but does no damage.
The orc warrior hits you with a +0 war axe of venom.
* * * LOW HITPOINT WARNING * * *
You are lethally poisoned!
The orc barely misses you. The orc misses you.
* * * LOW HITPOINT WARNING * * *
You feel very sick. The orc hits you but does no damage.
It was a potion of invisibility.
You fade into invisibility!
* * * LOW HITPOINT WARNING * * *
You feel very sick. The orc warrior closely misses you. The orc misses you.
It was a potion of mutation.
You feel extremely strange.
You feel a hidden potential growing inside you.
* * * LOW HITPOINT WARNING * * *
You feel very sick. The minotaur hits you!
You die...

. . .
..##########.#
.......@oo.#.##..
.......oH........
#.....†....#.##..
#.....†....# # .
########'### #
#.# #.# #.# ###
#.#########.#####


You could see a minotaur (unable to see you), an orc warrior (unable to see you)
and 2 orcs.

Vanquished Creatures
  An ogre (D:5)
  A phantom (D:4)
  A jelly (D:5)
  2 hounds (D:4)
  2 orc priests (D:4)
  An orc wizard (D:3)
  3 adders
  2 worms (D:2)
  3 dart slugs
  17 orcs
  9 endoplasms
  2 giant cockroaches
  7 hobgoblins
  6 kobolds
  6 quokkas
  5 ball pythons
  4 bats
  3 frilled lizards
  3 goblins
  3 rats
81 creatures vanquished.

Notes
Turn   | Place    | Note
-------+----------+-------------------------------------------
     0 | D:1      | Martska the Human Gladiator began the quest for the Orb.
     0 | D:1      | Reached XP level 1. HP: 16/16 MP: 1/1
   524 | D:1      | Reached XP level 2. HP: 18/22 MP: 2/2
   700 | D:1      | Reached skill level 1 in Stealth
  1189 | D:2      | Reached XP level 3. HP: 28/28 MP: 3/3
  1260 | D:2      | Reached skill level 1 in Armour
  1812 | D:3      | Found a faded altar of an unknown god.
  1833 | D:3      | Reached XP level 4. HP: 32/34 MP: 4/4
  2215 | D:4      | Noticed a phantom
  2250 | D:4      | Killed a phantom
  2251 | D:4      | Reached XP level 5. HP: 19/41 MP: 5/5
  2426 | D:4      | Reached XP level 6. HP: 18/47 MP: 6/6
  3158 | D:4      | Found a white marble altar of Elyvilon.
  3275 | D:4      | Found a staircase to the Ecumenical Temple.
  3284 | Temple   | Entered the Ecumenical Temple
  3365 | Temple   | Became a worshipper of Warmaster Okawaru
  3670 | Temple   | Fell from the grace of Okawaru
  3670 | Temple   | Became a worshipper of the Wu Jian Council
  3729 | D:5      | Entered Level 5 of the Dungeon
  3783 | D:5      | Noticed an ogre
  3792 | D:5      | Killed an ogre
  3793 | D:5      | Reached XP level 7. HP: 39/54 MP: 7/7
  3849 | D:5      | Learned a level 5 spell: Blade Hands
  4043 | D:5      | Noticed a minotaur
  4052 | D:5      | Gained mutation: You have hidden genetic potential. [potion
                  | of mutation]
  4052 | D:5      | HP: 1/54 [poisoned by an orc warrior]
  4052 | D:5      | Mangled by a minotaur

Illustrated notes

Levels and vault maps discovered:
D:1:      roderic_octagonal_star, layout_loops_ring
D:2:      layout_rooms, minmay_domino_2
D:3:      layout_rooms, chequers_ecumenical_altar_island, minmay_statues_item,
          minmay_unequal
D:4:      layout_rooms, elyvilon_altar_3, minmay_temple_entry_fiery
D:5:      layout_basic
Temple:   eino_wide_crystal_templ

Skill      XL: |  1  2  3  4  5  6 |
---------------+-------------------+-----
Stealth        | 1 |  1.2
Armour         | 1 2 3 |  3.8
Fighting       | 3 4 |  4.3
Dodging        | 4 |  4.6
Long Blades    | |  3.0
Throwing       | |  2.0
Unarmed Combat | |  0.9
Spellcasting   | |  0.8
Transmutations | |  0.3

Action                     |  1- 3 |  4- 6 |  7- 9 || total
---------------------------+-------+-------+-------++-------
  Melee: Long sword        |   116 |   107 |       ||   223
         Punch             |     2 |     2 |     1 ||     5
         Dagger            |       |    62 |    31 ||    93
  Evoke: Wand              |       |     2 |       ||     2
    Use: Scroll            |       |     1 |       ||     1
         Potion            |       |       |     2 ||     2
   Stab: Sleeping          |     5 |       |       ||     5
 Armour: Leather armour    |     5 |       |       ||     5
         Scale mail        |    49 |   104 |    34 ||   187
  Dodge: Dodged            |    62 |   116 |    42 ||   220
